 Dungeon Crawl Stone Soup version 0.28-a0-643-g84cb2ea78e (webtiles) character file.

Game seed: 764280060165309649

434 blank1 the Chopper (level 6, -2/57 HPs)
             Began as a Minotaur Fighter on Oct 10, 2021.
             Slain by a gnoll sergeant (6 damage)
             ... on level 4 of the Dungeon.
             The game lasted 00:09:38 (2885 turns).

blank1 the Chopper (Minotaur Fighter)               Turns: 2885, Time: 00:09:39

Health: -2/57      AC: 14    Str: 22    XL:     6   Next: 67%
Magic:  5/5        EV:  7    Int:  5    God:
Gold:   283        SH:  6    Dex: 16    Spells: 5/5 levels left

rFire   . . .      SeeInvis .   z - +0 war axe (elec)
rCold   . . .      Faith    +   c - +1 buckler
rNeg    + . .      Spirit   .   m - +1 plate armour of Midnight {-Tele Regen+ rCorr}
rPois   .          Reflect  .   (helmet restricted)
rElec   .          Harm     .   q - +0 cloak
rCorr   +          Rampage  .   (no gloves)
Will    .....      NoTele   +   (no boots)
Stlth   ..........              y - amulet of faith
HPRegen 1.19/turn               f - ring of positive energy
MPRegen 0.09/turn               b - +6 ring of dexterity

@: lethally poisoned (-2 -> -4)
A: horns 2, retaliatory headbutt
a: no special abilities


You were on level 4 of the Dungeon.
You visited 1 branch of the dungeon, and saw 4 of its levels.

You collected 386 gold pieces.
You spent 103 gold pieces at shops.

Inventory:

Hand Weapons
 v - a +0 hand axe of flaming
 z - a +0 war axe of electrocution (weapon)
Armour
 c - a +1 buckler (worn)
 m - the +1 plate armour of Midnight (worn) {-Tele Regen+ rCorr}
   (You acquired it on level 4 of the Dungeon)

   -Tele:     It prevents most forms of teleportation.
   Regen:     It increases your rate of health regeneration.
   rCorr:     It protects you from acid and corrosion.
 q - a +0 cloak (worn)
Jewellery
 b - a +6 ring of dexterity (right hand)
 f - a ring of positive energy (left hand)
 y - an amulet of faith (around neck)
Wands
 r - a wand of charming (1)
Scrolls
 i - a scroll of enchant armour
 p - 2 scrolls of teleportation
Potions
 d - a potion of might
 k - a potion of brilliance
 n - a potion of lignification {unknown}
 o - 4 potions of curing {unknown}
 s - a potion of degeneration {unknown}
 u - a potion of haste {unknown}
 x - a potion of ambrosia {unknown}


   Skills:
 + Level 5.8 Fighting
 + Level 5.8 Axes
 - Level 5.0 Armour
 - Level 2.0 Dodging
 - Level 4.0 Shields


You had 5 spell levels left.
You didn't know any spells.
Your spell library contained the following spells:

 Spells                   Type           Power      Damage    Failure   Level
 Passwall                 Tmut/Erth      0%         N/A       100%        2
 Slow                     Hex            0%         N/A       100%        2
 Confusing Touch          Hex            0%         N/A       100%        3
 Swiftness                Air            0%         N/A       100%        3
 Vampiric Draining        Necr           0%         2d6       100%        3
 Animate Armour           Summ/Erth      0%         N/A       100%        4
 Blade Hands              Tmut           0%         N/A       100%        5
 Invisibility             Hex            0%         N/A       100%        6
 Iron Shot                Conj/Erth      0%         9d1       100%        6


Dungeon Overview and Level Annotations

Branches:
Dungeon (4/15)
 Temple: D:4-7

Altars:
Kikubaaqudgha

Shops:
D:2 *((:   D:3 [?*(

Annotations:
D:4 1 transporter, AlleluiaPinecone's ghost, amateur VSBr


Innate Abilities, Weirdness & Mutations

You have a pair of horns on your head.
You reflexively headbutt those who attack you in melee.


Message History

You feel extremely sick.
The gnoll sergeant hits you with a +2 trident of venom!
You are more poisoned.
You are too injured to fight recklessly!
You are too injured to fight recklessly!
You are too injured to fight recklessly!
You are too injured to fight recklessly!
You slash the gnoll sergeant!
The gnoll sergeant is moderately wounded.
You feel extremely sick.
The gnoll sergeant hits you with a +2 trident of venom.
The gnoll sergeant blocks your attack.
Your headbutt misses the gnoll sergeant.
The gnoll sergeant is moderately wounded.
You feel very sick.
The gnoll sergeant hits you but does no damage.
You are more poisoned.
The gnoll sergeant blocks your attack.
You headbutt the gnoll sergeant, but do no damage.
The gnoll sergeant is moderately wounded.
You feel very sick. You block the gnoll sergeant's attack.
You hit the gnoll sergeant.
You headbutt the gnoll sergeant, but do no damage.
The gnoll sergeant is heavily wounded.
You feel very sick. You block the gnoll sergeant's attack.
The gnoll sergeant barely misses you. You furiously retaliate!
You headbutt the gnoll sergeant.
You hit the gnoll sergeant but do no damage.
Your headbutt misses the gnoll sergeant.
The gnoll sergeant is heavily wounded.
You feel very sick.
The gnoll sergeant hits you with a +2 trident of venom.
* * * LOW HITPOINT WARNING * * *
You slash the gnoll sergeant!
You headbutt the gnoll sergeant, but do no damage.
The gnoll sergeant is almost dead.
You feel very sick.
The gnoll sergeant hits you with a +2 trident of venom.
You die...

#.#............................#
....≈≈≈≈≈≈≈≈≈≈≈≈≈≈≈≈≈≈≈≈≈≈≈≈≈..#
#.#.≈≈≈≈≈≈≈≈≈≈≈≈≈≈≈≈≈≈≈≈≈≈≈≈≈..#
#.#.≈≈#####...........#####≈≈..#
#...≈≈#g#.#.###.©.###.#.#.#≈≈..#
###.≈≈#...###.#####g###...#≈≈..#
#.≈≈###...............###≈≈..#
#.≈≈.8#.######g######.#8.≈≈..#
#.≈≈.##.#.⌠.#.@8#ggg#.##.≈≈..#
#.≈≈.#g.'.....©⌠#:..'.g#.≈≈..#
###.≈≈.##.#.⌠.#).8#...#.##.≈≈..#
.##.≈≈.8#.######'######.#8.≈≈.##
....≈≈###......)).......###≈≈.#
.#..≈≈#...###.#####©###.gW#≈≈.#
.##.≈≈#g#g#.###.©.###.#.#g#≈≈.#
....≈≈#####...........#####≈≈.#
.##.≈≈≈≈≈≈≈≈≈≈≈...≈≈≈≈≈≈≈≈≈≈≈.##


You could see a gnoll sergeant.

Vanquished Creatures
  An ogre (D:4)
  A phantom (D:4)
  A water moccasin skeleton (D:4)
  A jelly (D:4)
  An orc priest (D:4)
  Ijyb (D:3)
  An orc wizard (D:4)
  2 adders (D:3)
  3 gnolls (D:4)
  A worm (D:3)
  4 dart slugs
  5 orcs
  8 ball pythons
  2 bats (D:1)
  10 endoplasms
  3 giant cockroaches
  6 goblins
  8 hobgoblins
  4 kobolds
  A quokka (D:3)
  3 frilled lizards
  10 rats
77 creatures vanquished.

Vanquished Creatures (others)
  6 plants (D:4)
6 creatures vanquished.

Grand Total: 83 creatures vanquished

Notes
Turn   | Place    | Note
-------+----------+-------------------------------------------
     0 | D:1      | blank1 the Minotaur Fighter began the quest for the Orb.
     0 | D:1      | Reached XP level 1. HP: 19/19 MP: 0/0
    84 | D:1      | You fall into a shaft and drop 1 floor!
    84 | D:2      | Found an ancient bone altar of Kikubaaqudgha.
    84 | D:2      | Found Ruacwe's Weapon Emporium.
    96 | D:2      | Reached XP level 2. HP: 25/27 MP: 1/1
   283 | D:1      | Reached skill level 1 in Dodging
   494 | D:1      | Reached XP level 3. HP: 30/33 MP: 2/2
   854 | D:2      | Found Muffebaw's Weapon Boutique.
   866 | D:2      | Found Ygan's Assorted Antiques.
  1079 | D:2      | Found Jogroh's Book Shoppe.
  1173 | D:3      | Found a faded altar of an unknown god.
  1184 | D:3      | Noticed Ijyb
  1208 | D:3      | Killed Ijyb
  1209 | D:3      | Reached XP level 4. HP: 35/40 MP: 3/3
  1377 | D:3      | Found Xibeysk's Assorted Antiques.
  1395 | D:3      | Found Yqasm's Magic Scroll Emporium.
  1444 | D:2      | Bought a +0 hand axe of flaming for 103 gold pieces
  1841 | D:3      | Found Jeifolam's Armour Shop.
  1945 | D:3      | Found Cizytoje's Antique Weapon Boutique.
  2042 | D:4      | Reached XP level 5. HP: 36/47 MP: 4/4
  2044 | D:4      | Identified 2 scrolls of acquirement
  2044 | D:4      | Acquired 235 gold pieces
  2046 | D:4      | Acquired the +1 plate armour of Midnight {-Tele Regen+
                  | rCorr}
  2113 | D:4      | Found a transporter.
  2114 | D:4      | Found a transporter.
  2114 | D:4      | Identified the +3 buckler "Podeik" {Str+3}
  2218 | D:4      | Reached skill level 5 in Fighting
  2222 | D:4      | Reached skill level 5 in Axes
  2520 | D:4      | Noticed a phantom
  2535 | D:4      | Killed a phantom
  2536 | D:4      | Reached XP level 6. HP: 56/56 MP: 5/5
  2637 | D:4      | Noticed AlleluiaPinecone's ghost (amateur VSBr)
  2875 | D:4      | Reached skill level 5 in Armour
  2885 | D:4      | Slain by a gnoll sergeant

Illustrated notes

Levels and vault maps discovered:
D:1:      dpeg_cavernosity, layout_rooms
D:2:      layout_basic, basic_altar, serial_shops, shop_statue, shop,
          nicolae_shop_crystal, shop, st_stairs_13
D:3:      layout_basic, chequers_ecumenical_altar_twisty, serial_shops,
          nicolae_square_shop, shop, nicolae_shop_stone, nicolae_shop_crystal,
          uniq_ijyb
D:4:      layout_loops_cross, gammafunk_ghost_gnarly_gnolls

Skill      XL: |  1  2  3  4  5  6 |
---------------+-------------------+-----
Dodging        | 1 2 |  2.0
Fighting       | 4 5 |  5.8
Armour         | 4 5 |  5.0
Shields        | 4 |  4.0
Axes           | 4 5 |  5.8

Action                   |  1- 3 |  4- 6 || total
-------------------------+-------+-------++-------
Melee: War axe           |    81 |    87 ||   168
       Headbutt          |    12 |    16 ||    28
  Use: Scroll            |       |    12 ||    12
Armor: Scale mail        |    30 |       ||    30
       Chain mail        |       |    11 ||    11
       Plate armour      |       |    19 ||    19
Dodge: Dodged            |    44 |    26 ||    70
Block: Buckler           |    15 |    19 ||    34

Table legend: (Time is in decaauts)
 A = Elapsed time spent in this place.
 B = Non-inter-level travel time spent in this place.
 C = Inter-level travel time spent in this place.
 D = Time resting spent in this place.
 E = Time spent auto-exploring this place.
 F = Levels seen in this place.
 G = Mean time per level.
                   A        B        C        D        E       F      G
               +--------+--------+--------+--------+--------+-----+--------+
         Total |   2938 |   2783 |    155 |    289 |   1933 |   4 |  734.5 |
       Dungeon |   2938 |   2783 |    155 |    289 |   1933 |   4 |  734.5 |
               +--------+--------+--------+--------+--------+-----+--------+

Top non-repeatable levels by time:
     D:4: 864 daAuts
     D:3: 842 daAuts
     D:1: 701 daAuts
     D:2: 530 daAuts
